 Dungeon Crawl Stone Soup version 0.30-a0-374-g95c0257040 (webtiles) character file.

Game seed: 15356459634849003946

2725 kae the Transmogrifier (level 9, -2/76 HPs)
             Began as a Black Draconian Transmuter on Nov 25, 2022.
             Was an Initiate of Ru.
             Slain by an ogre
             ... wielding a +0 glaive
              (23 damage)
             ... in a bailey.
             The game lasted 00:07:42 (6962 turns).

kae the Transmogrifier (Black Draconian Transmuter) Turns: 6962, Time: 00:07:43

Health: -2/76      AC:  9    Str: 12    XL:     9   Next: 40%
Magic:  16/16      EV: 10    Int: 24    God:    Ru [......]
Gold:   1038       SH:  0    Dex: 12    Spells: 8/18 levels left

rFire   x . .      SeeInvis .      - Unarmed
rCold   + + +      Faith    .    (shield currently unavailable)
rNeg    . . .      Spirit   .    (body armour unavailable)
rPois   +          Reflect  .    (helmet currently unavailable)
rElec   .          Harm     .    (cloak currently unavailable)
rCorr   .          Rampage  .    (gloves currently unavailable)
Will    .....                    (boots currently unavailable)
Stlth   +.........               g - amulet of regeneration
HPRegen 1.12/turn                P - ring of poison resistance
MPRegen 0.15/turn                I - +6 ring of intelligence

@: ice-form (expiring)
A: freezing attack, amphibious, boosted hp, (breathe lightning), AC +7, large,
unfitting armour, (electricity resistance), no potion heal 1, (cold-blooded)
a: End Transformation, Renounce Religion


You were in a bailey.
You worshipped Ru.
Ru was noncommittal.
You were a creature of crystalline ice.
You visited 2 branches of the dungeon, and saw 8 of its levels.
You also visited: Bailey.

You collected 1168 gold pieces.
You spent 130 gold pieces at shops.


Innate Abilities, Weirdness & Mutations

You are a creature of crystalline ice.
You have a powerful freezing melee attack.
You are amphibious.
Your maximum health is increased.
Your armour is entirely melded.
You are incapable of wielding weapons or throwing items.
((You can breathe wild blasts of lightning.))
((Your glossy black scales are hard. (AC +7)))
You cannot fit into any form of body armour.
((You are resistant to electric shocks. (rElec)))
Potions are less effective at restoring your health.
((You are cold-blooded and may be slowed by cold attacks.))


   Skills:
 - Level 1.1 Fighting
 - Level 1.7 Dodging
 + Level 6.2 Unarmed Combat
 + Level 5.3 Spellcasting
 * Level 8.1 Transmutations
 * Level 6.2 Ice Magic
 - Level 2.0 Poison Magic


You had 8 spell levels left.
You knew the following spells:

 Your Spells              Type           Power      Damage    Failure   Level
a - Beastly Appendage     Tmut           90%        N/A       1%          1
b - Wereblood             Tmut           45%        N/A       1%          2
c - Spider Form           Tmut/Pois      30%        N/A       3%          3
d - Ice Form              Ice/Tmut       40%        N/A       4%          4

Your spell library contained the following spells:

 Spells                   Type           Power      Damage    Failure   Level
 Ozocubu's Armour         Ice            36%        N/A       1%          3
 Apportation              Tloc           12%        N/A       9%          1
 Magic Dart               Conj           24%        1d4       9%          1
 Necrotise                Necr           24%        1d5       9%          1
 Slow                     Hex            24%        N/A       9%          1
 Summon Small Mammal      Summ           24%        N/A       9%          1
 Call Imp                 Summ           6%         N/A       13%         2
 Mephitic Cloud           Conj/Pois/Air  9%         N/A       21%         3
 Confusing Touch          Hex            6%         N/A       26%         3
 Gell's Gravitas          Tloc           6%         N/A       26%         3
 Lesser Beckoning         Tloc           12%        N/A       26%         3
 Summon Guardian Golem    Hex/Summ       6%         N/A       26%         3
 Teleport Other           Tloc           6%         N/A       26%         3
 Vampiric Draining        Necr           6%         2d6       26%         3
 Metabolic Englaciation   Hex/Ice        10%        N/A       54%         5
 Simulacrum               Ice/Necr       10%        N/A       98%         6
 Orb of Destruction       Conj           3%         9d5       100%        7
 Spellforged Servitor     Conj/Summ      3%         N/A       100%        7

Inventory:

Missiles
 k - 18 poisoned darts
 l - 35 stones
 p - 2 javelins
Armour
 r - a +2 pair of gloves (melded)
   (You found it on level 6 of the Dungeon)
Jewellery
 g - an amulet of regeneration (around neck)
   (You found it on level 4 of the Dungeon)
 I - a +6 ring of intelligence (right front paw)
   (You found it on level 5 of the Dungeon)
 P - a ring of poison resistance (left front paw)
   (You found it on level 2 of the Dungeon)
Wands
 d - a wand of flame (11)
   (You took it off Natasha on level 3 of the Dungeon)
 e - a wand of light (10)
   (You found it on level 7 of the Dungeon)
 i - a wand of mindburst (12)
   (You found it on level 3 of the Dungeon)
Scrolls
 q - a scroll of amnesia
 u - a scroll of vulnerability {!r!r}
 x - a scroll of teleportation {@r4}
 y - a scroll of fear
Potions
 a - a potion of lignification {!q}
 b - a potion of cancellation
 c - 2 potions of might
 f - a potion of magic
 h - a potion of invisibility
 j - 2 potions of brilliance
 m - a potion of curing {@q1}
 n - a potion of ambrosia
 s - 2 potions of heal wounds {@q2}
 t - a potion of attraction {!q}
 v - a potion of mutation {!q}
 w - 2 potions of haste {@q3}

Dungeon Overview and Level Annotations

Branches:
Dungeon (7/15) Zot: 26852  Temple (1/1) D:6 Zot: 5778  Bailey (1/1) Zot: 5731

Altars:
Ashenzari
Cheibriados
Elyvilon
Fedhas
Gozag
Kikubaaqudgha
Makhleb
Nemelex Xobeh
Okawaru
Ru
Trog
Uskayaw
Vehumet
Xom
Yredelemnul
Zin

Shops:
D:1 :   D:7 ?

Annotations:
D:5 exclusion: steam dragon

##.........##
##.D.........##
#....∩...∩....#
##..§........##
##.§§§.....##
###~§)~~###
#~§~~~#
##§§~~~##
##Y......##
##.O.......#
##..#######..#
##..♣# ##..#
##..♣# #..#
#..## ♣..# #..#
..# #..♣ .#
#..# .#


You could see an ogre.


Message History

You punch the ogre! You freeze the ogre.
You kill the ogre!
The ogre hits you from afar with a +0 halberd! 😮 HP[-8]
You take 8 damage, and now have 39/76 hp.
Unknown command. 😮 HP[+1]
You punch the ogre! You freeze the ogre. The ogre hits you with a +0 halberd!
* * * LOW HITPOINT WARNING * * *
😨 HP[-13]
You take 13 damage, and now have 27/76 hp.
You hit the ogre. You freeze the ogre.
The ogre barely misses you. 😨 HP[+1] Unknown command.
You punch the ogre! You freeze the ogre.
You kill the ogre!
You hear a splash. 😨 HP[+1]
A steam dragon comes into view.
The steam dragon hisses angrily. 😮 HP[+16] MP[+2]
You regained 16 hp, and now have 45/76 hp.
You regained 2 mp, and now have 15/16 mp.
Unknown command.
A steam dragon is nearby!
Aiming: Throw Flame
Press: ? - help, Shift-Dir - straight line, f - steam dragon
Aim: a steam dragon (68% to hit)
😮 HP[+1] MP[+1]
Your mp is fully restored (16).
Aiming: Throw Flame
Press: ? - help, Shift-Dir - straight line, f - you That beam is likely to hit you.
Continue anyway?
Okay, then.
You start resting. 😮 HP[+1]
Aiming: Throw Flame
Press: ? - help, Shift-Dir - straight line, f - steam dragon
Aim: a steam dragon (moderately wounded, 68% to hit)
😮 HP[+1]
Okay, then.
You start resting. 😮 HP[+1]
Aiming: Throw Flame
Press: ? - help, Shift-Dir - straight line, f/p - steam dragon
Aim: a steam dragon (steam, moderately wounded, wandering, hasn't noticed you, 68% to hit)
😮 HP[+2]
You regained 2 hp, and now have 51/76 hp.
You start resting.
A steam dragon is nearby! 😮 HP[+5]
You regained 5 hp, and now have 56/76 hp.
Aiming: Throw Flame
Press: ? - help, Shift-Dir - straight line, f/p - steam dragon
Aim: a steam dragon (severely wounded, 68% to hit)
😮 HP[+1]
A steam dragon is nearby!
Aiming: Throw Flame
Press: ? - help, Shift-Dir - straight line, f/p - steam dragon
Aim: a steam dragon (severely wounded, 68% to hit)
😕 HP[+1]
You start resting.
An ogre comes into view. It is wielding a +0 glaive. 😕 HP[+3]
You regained 3 hp, and now have 61/76 hp.
Aiming: Throw Flame
Press: ? - help, Shift-Dir - straight line, f - ogre
Aim: an ogre, wielding a +0 glaive (wandering, hasn't noticed you, 85% to hit)
The puff of flame misses the ogre.
The ogre shouts! 😕 HP[+1]
Aiming: Throw Flame
Press: ? - help, Shift-Dir - straight line, f/p - ogre
Aim: an ogre, wielding a +0 glaive (85% to hit)
The puff of flame hits the ogre. 😕 HP[+1] 😕 HP[+1] 😕 HP[+1] 😕 HP[+1]
The steam dragon breathes steam at you. The ball of steam hits you!!
The steam scalds you terribly! 😮 HP[-21]
You take 21 damage, and now have 45/76 hp.
MASSIVE DAMAGE!! (PAUSE)
The ogre hits you from afar with a +0 glaive!
* * * LOW HITPOINT WARNING * * *
😨 HP[-14]
You take 14 damage, and now have 31/76 hp.
Unknown command. 😨 HP[+1]
You punch the ogre! You freeze the ogre.
Your transformation is almost over.
The ogre hits you with a +0 glaive!!
* * * LOW HITPOINT WARNING * * *
😱 HP[-22]
You take 22 damage, and now have 10/76 hp.
MASSIVE DAMAGE!! (PAUSE)
Your system partially rejects the healing.
You feel much better. The ogre hits you with a +0 glaive!!
You die...

Skill      XL: |  1  2  3  4  5  6  7  8  9 |
---------------+----------------------------+-----
Transmutations | 3 4 5 6 7 8 |  8.1
Poison Magic   | 1 2 |  2.0
Unarmed Combat | 4 5 6 |  6.2
Spellcasting   | 3 4 5 |  5.3
Ice Magic      | 1 3 5 6 |  6.2
Fighting       | |  1.1
Dodging        | |  1.7

Action                   |  1- 3 |  4- 6 |  7- 9 || total
-------------------------+-------+-------+-------++-------
Melee: Unarmed           |    77 |   103 |   218 ||   398
       Headbutt          |    10 |    10 |       ||    20
       Kick              |    16 |    11 |       ||    27
       Tailslap          |     7 |     9 |     7 ||    23
       Punch             |     1 |       |     2 ||     3
 Cast: Beastly Appendage |    24 |     9 |       ||    33
       Spider Form       |     1 |     8 |    15 ||    24
       Wereblood         |       |     1 |     2 ||     3
       Ice Form          |       |       |    18 ||    18
Invok: Sacrifice Purity  |       |       |     1 ||     1
Evoke: Wand              |       |       |     7 ||     7
  Use: Scroll            |     5 |     5 |    12 ||    22
       Potion            |       |     1 |     1 ||     2
Armor: Skin              |    33 |    20 |    59 ||   112
Dodge: Dodged            |    56 |    90 |   167 ||   313

Levels and vault maps discovered:
D:1:      psy_arrival_radial01, layout_basic, nicolae_ecumenical_lake_church,
          nicolae_shop_vocational
D:2:      layout_loops_cross, serial_forest, infiniplex_forest_lined_room_2,
          infiniplex_forest_zigzag_1, infiniplex_forest_pool,
          infiniplex_forest_end_3, infiniplex_forest_corner_1,
          infiniplex_forest_end_1, kennysheep_generic_room_10
D:3:      layout_loops_ring, mrwooster_statue_mirror, wad_floor_pattern_2,
          uniq_robin, uniq_natasha
D:4:      minmay_door_path, layout_loops_ring
D:5:      cheibrodos_quashed, layout_loops_ring, minmay_small_thing
D:6:      layout_basic, kennysheep_vampire_church,
          minmay_temple_entry_offerings, serial_curves, eino_curves_04,
          eino_curves_01
D:7:      layout_layer_cave, lemuel_round_altar, enter_bailey_5, serial_shops,
          nicolae_stop_n_shop_2, grunt_ogre_cave, uniq_menkaure, uniq_maggie
Temple:   bh_familiar_temple
Bailey:   bailey_polearm_enchanted_keep_hellmonk, bailey

Notes
Turn   | Place    | Note
-------+----------+-------------------------------------------
     0 | D:1      | kae the Draconian Transmuter began the quest for the Orb.
     0 | D:1      | Reached XP level 1. HP: 16/16 MP: 3/3
     0 | D:1      | magus.rc [v1.11.3]
   165 | D:1      | Reached XP level 2. HP: 21/23 MP: 5/5
   217 | D:1      | Found a faded altar of an unknown god.
   224 | D:1      | Learned a level 2 spell: Wereblood
   781 | D:1      | Found Zyissiqe's Vocational Training.
   977 | D:2      | Reached skill level 3 in Transmutations
   977 | D:2      | Reached XP level 3. HP: 20/28 MP: 6/6
   981 | D:2      | Learned a level 3 spell: Spider Form
  1483 | D:2      | You pick up a book of Winter and begin reading...
  1483 | D:2      | You add the spells Ozocubu's Armour, Metabolic Englaciation
                  | and Simulacrum to your library.
  1792 | D:3      | Identified a scroll of acquirement
  1792 | D:3      | Acquired 726 gold pieces
  1793 | D:3      | Noticed Natasha
  1798 | D:3      | Killed Natasha
  1799 | D:3      | Reached skill level 1 in Poison Magic
  1799 | D:3      | Reached XP level 4. HP: 35/35 MP: 3/7
  1929 | D:3      | Noticed Natasha
  1937 | D:3      | Killed Natasha
  2175 | D:3      | Noticed Robin
  2193 | D:3      | Noticed Natasha
  2197 | D:3      | Killed Robin
  2212 | D:3      | Killed Natasha
  2213 | D:3      | Reached XP level 5. HP: 11/40 MP: 1/9
  2233 | D:3      | HP: 10/40 [poisoned by an adder]
  2239 | D:3      | Reached skill level 2 in Poison Magic
  2871 | D:4      | Noticed a black bear
  2880 | D:4      | Killed a black bear
  2881 | D:4      | Reached skill level 4 in Unarmed Combat
  2881 | D:4      | Reached skill level 3 in Spellcasting
  2881 | D:4      | Reached skill level 4 in Transmutations
  3065 | D:4      | Reached XP level 6. HP: 31/47 MP: 10/10
  3098 | D:4      | You pick up a book of Dangerous Friends and begin
                  | reading...
  3098 | D:4      | You add the spells Summon Guardian Golem, Orb of
                  | Destruction and Spellforged Servitor to your library.
  3169 | D:4      | Reached skill level 5 in Transmutations
  3175 | D:4      | Learned a level 4 spell: Ice Form
  3201 | D:4      | You pick up a book of Displacement and begin reading...
  3201 | D:4      | You add the spells Lesser Beckoning, Gell's Gravitas and
                  | Teleport Other to your library.
  3433 | D:4      | Reached skill level 1 in Ice Magic
  3433 | D:4      | Your scales start taking on a glossy black colour.
  3433 | D:4      | Reached XP level 7. HP: 38/52 MP: 8/12
  3433 | D:4      | Gained mutation: You are resistant to electric shocks.
                  | (rElec) [Black Draconian growth]
  4200 | D:5      | Entered Level 5 of the Dungeon
  4340 | D:5      | You pick up a book of Debilitation and begin reading...
  4340 | D:5      | You add the spells Slow, Vampiric Draining and Confusing
                  | Touch to your library.
  4375 | D:5      | Reached skill level 2 in Ice Magic
  4741 | D:5      | You pick up a book of Minor Magic and begin reading...
  4741 | D:5      | You add the spells Magic Dart, Call Imp and Mephitic Cloud
                  | to your library.
  4842 | D:5      | Reached skill level 4 in Spellcasting
  4994 | D:5      | Reached skill level 6 in Transmutations
  4994 | D:5      | Reached skill level 3 in Ice Magic
  5049 | D:5      | Reached skill level 5 in Unarmed Combat
  5087 | D:5      | Noticed a steam dragon
  5216 | D:6      | Reached XP level 8. HP: 59/59 MP: 9/14
  5349 | D:6      | Found a staircase to the Ecumenical Temple.
  5356 | D:6      | You pick up a book of Cantrips and begin reading...
  5356 | D:6      | You add the spells Necrotise, Summon Small Mammal and
                  | Apportation to your library.
  5381 | D:6      | Reached skill level 4 in Ice Magic
  5396 | Temple   | Entered the Ecumenical Temple
  5595 | Temple   | Became a worshipper of Ru the Awakened
  6401 | D:6      | You pick up a book of Minor Magic and begin reading...
  6501 | D:6      | Found an ancient bone altar of Kikubaaqudgha.
  6543 | D:7      | Found Burphudiff's Magic Scroll Boutique.
  6552 | D:7      | Reached skill level 7 in Transmutations
  6556 | D:7      | Gained mutation: Potions are less effective at restoring
                  | your health. [Ru sacrifice]
  6579 | D:7      | Bought a scroll of identify for 26 gold pieces
  6579 | D:7      | Bought a scroll of fear for 52 gold pieces
  6580 | D:7      | Bought a scroll of identify for 26 gold pieces
  6580 | D:7      | Bought a scroll of identify for 26 gold pieces
  6675 | D:7      | Found a flagged portal.
  6692 | Bailey   | Entered a bailey
  6735 | Bailey   | Reached skill level 5 in Ice Magic
  6787 | Bailey   | Noticed a two-headed ogre
  6805 | Bailey   | Killed a two-headed ogre
  6806 | Bailey   | Reached skill level 6 in Unarmed Combat
  6806 | Bailey   | Reached skill level 5 in Spellcasting
  6806 | Bailey   | Reached XP level 9. HP: 55/64 MP: 13/16
  6874 | Bailey   | Reached skill level 8 in Transmutations
  6874 | Bailey   | Reached skill level 6 in Ice Magic
  6961 | Bailey   | HP: 10/76 [ogre/+0 glaive (23)]
  6962 | Bailey   | Slain by an ogre

Vanquished Creatures
  A two-headed ogre (Bailey)
  A spriggan (Bailey)
  A sky beast (D:7)
  3 black bears
  6 ogres
  2 centaurs (D:4)
  2 phantoms (D:6)
  A bullfrog (D:6)
  3 scorpions
  2 vampire bats (D:6)
  3 jellies
  A hound (D:5)
  An iguana (D:4)
  3 orc wizards
  Natasha (thrice) (D:3)
  Robin (D:3)
  6 adders
  A shadow imp (D:5)
  3 ufetubi
  3 dart slugs
  A worm (D:2)
  13 orcs
  6 bats
  5 bat skeletons (D:6)
  2 bat zombies (D:6)
  3 endoplasms
  3 giant cockroaches
  14 goblins
  6 hobgoblins
  7 quokkas
  11 ball pythons
  6 frilled lizards
  7 kobolds
  3 rats
134 creatures vanquished.

Table legend:
 A = Non-vault XP
 B = Vault XP
 C = Vault XP percentage of total XP
 D = Non-vault monster count
 E = Vault monster count
 F = Vault count percentage of total count
                 A         B        C        D         E       F
            +---------+---------+-------+---------+---------+-------
      Total |    1923 |    1970 |  50.6 |      99 |      35 |  26.1
            +---------+---------+-------+---------+---------+-------
        D:1 |      29 |       0 |   0.0 |      17 |       0 |   0.0
        D:2 |      42 |       0 |   0.0 |      18 |       0 |   0.0
        D:3 |      99 |      69 |  41.1 |      12 |      12 |  50.0
        D:4 |     526 |     140 |  21.0 |      18 |       3 |  14.3
        D:5 |     518 |       0 |   0.0 |      17 |       0 |   0.0
        D:6 |     577 |     128 |  18.2 |      16 |       9 |  36.0
        D:7 |     132 |       8 |   5.7 |       1 |       4 |  80.0
     Bailey |       0 |    1625 | 100.0 |       0 |       7 | 100.0
            +---------+---------+-------+---------+---------+-------

Illustrated notes

Table legend:
 A = Kills in this place as a percentage of kills in entire the game.
 B = Kills by you in this place as a percentage of kills by you in the entire game.
 C = Kills by friends in this place as a percentage of kills by friends in the entire game.
 D = Other kills in this place as a percentage of other kills in the entire game.
 E = Experience gained in this place as a percentage of experience gained in the entire game.
 F = Experience gained in this place divided by the number of levels of this place that you have seen.
                   A       B       C       D       E      F
               +-------+-------+-------+-------+-------+----------------------
         Total | 100.0 | 100.0 |   N/A |   N/A | 100.0 | 432.6
       Dungeon |  94.8 |  94.8 |   N/A |   N/A |  58.3 | 324.0
        Bailey |   5.2 |   5.2 |   N/A |   N/A |  41.7 | 1625.0
               +-------+-------+-------+-------+-------+----------------------

Table legend: (Time is in decaauts)
 A = Elapsed time spent in this place.
 B = Non-inter-level travel time spent in this place.
 C = Inter-level travel time spent in this place.
 D = Time resting spent in this place.
 E = Time spent auto-exploring this place.
 F = Levels seen in this place.
 G = Mean time per level.
                   A        B        C        D        E       F      G
               +--------+--------+--------+--------+--------+-----+--------+
         Total |   6942 |   6570 |    372 |     60 |   5446 |   9 |  771.3 |
       Dungeon |   6452 |   6123 |    329 |     38 |   5140 |   7 |  921.7 |
        Temple |    221 |    178 |     43 |      0 |    172 |   1 |  221.0 |
        Bailey |    268 |    268 |      0 |     22 |    133 |   1 |  268.0 |
               +--------+--------+--------+--------+--------+-----+--------+

Top non-repeatable levels by time:
     D:4: 1327 daAuts
     D:6: 1164 daAuts
     D:3: 1071 daAuts
     D:1: 945 daAuts
     D:5: 942 daAuts
     D:2: 853 daAuts
  Bailey: 268 daAuts
  Temple: 221 daAuts
     D:7: 147 daAuts
